 Dungeon Crawl Stone Soup version 0.19.3-1-g3169bf9 (webtiles) character file.

340 TryAgain the Magician (level 6, -11/32 HPs)
             Began as a Deep Elf Ice Elementalist on Jan 25, 2017.
             Mangled by an ogre
             ... wielding a +0 giant spiked club
              (17 damage)
             ... while paralysed
             ... on level 4 of the Dungeon.
             The game lasted 00:13:37 (2464 turns).

TryAgain the Magician (Deep Elf Ice Elementalist)   Turns: 2464, Time: 00:13:38

Health: -11/32     AC: 11    Str:  6    XL:     6   Next: 30%
Magic:  13/15      EV:  2    Int: 21    God:
Gold:   80         SH:  0    Dex: 15    Spells: 3 memorised, 8 levels left

rFire  . . .     SeeInvis .     A - +2 trident (protect)
rCold  . . .     Gourm    .     k - +0 leather armour
rNeg   . . .     Faith    .     (no shield)
rPois  .         Spirit   .     (no helmet)
rElec  .         Reflect  .     (no cloak)
rCorr  .         Harm     .     q - +0 pair of gloves
MR     .....                    i - +0 pair of boots
Stlth  ++........               (no amulet)
                                (no ring)
                                (no ring)

@: paralysed, exhausted, icy armour, slowed, slow
A: no striking features
a: no special abilities


You were on level 4 of the Dungeon.
You were hungry.

You visited 1 branch of the dungeon, and saw 4 of its levels.

You collected 80 gold pieces.

Inventory:

Hand Weapons
 g - a +0 whip
 t - a +5 quarterstaff of draining
 y - a +0 blowgun
 A - a +2 trident of protection (weapon)
Missiles
 w - 19 poisoned needles
Armour
 i - a +0 pair of boots (worn)
 k - a +0 leather armour (worn)
 q - a +0 pair of gloves (worn)
 v - a +2 ring mail of poison resistance
Wands
 r - a wand of confusion (16/48)
 s - a wand of digging (10/24)
 u - a wand of random effects (9/48)
Scrolls
 e - 2 scrolls of enchant weapon {unknown}
 f - a scroll of remove curse {unknown}
 h - a scroll of teleportation {unknown}
 j - 3 scrolls of identify {unknown}
 m - a scroll of random uselessness {unknown}
 o - a scroll of blinking {unknown}
 x - a scroll of fear {unknown}
Potions
 a - a potion of brilliance {unknown}
 l - 2 potions of heal wounds {unknown}
 n - 2 potions of berserk rage
 p - 2 potions of curing {unknown}
 C - a potion of might {unknown}
Books
 b - a book of Frost

   Spells                             Type                      Level
   a - Freeze                         Ice                          1
   b - Throw Frost                    Conjuration/Ice              2
   c - Ozocubu's Armour               Charms/Ice                   3
   d - Throw Icicle                   Conjuration/Ice              4
   e - Summon Ice Beast               Ice/Summoning                4
Comestibles
 c - a bread ration
 d - a slice of pizza
 z - 3 fruits
 B - 2 chunks of flesh
 D - a meat ration


   Skills:
 + Level 4.3 Dodging
 - Level 4.0 Stealth
 + Level 4.8 Spellcasting
 + Level 2.5 Conjurations
 + Level 3.0 Charms
 + Level 4.4 Ice Magic


You had 8 spell levels left.
You knew the following spells:

 Your Spells              Type           Power        Failure   Level  Hunger
a - Freeze                Ice            ###.         2%          1    None
b - Throw Frost           Conj/Ice       ###...       8%          2    None
c - Ozocubu's Armour      Chrm/Ice       ###.....     14%         3    ##.....


Dungeon Overview and Level Annotations

Branches:
Dungeon (4/15)
 Temple: D:4-7

Altars:
Makhleb
Okawaru

Annotations:
D:3 Grinder


Message History

The ogre is moderately wounded.
The ogre hits you with a giant spiked club!
* * * LOW HITPOINT WARNING * * *
Okay, then.
It was a potion of berserk rage.
A red film seems to cover your vision as you go berserk!
You feel yourself moving faster!
You feel mighty! The ogre closely misses you.
You feel a strong urge to attack something.
Attack whom?
Press: ? - help, Dir - move target cursor, f/p - ogre
Aim: an ogre, wielding a giant spiked club (moderately wounded)
You reach to attack!
You puncture the ogre!
Your weapon exudes an aura of protection.
The ogre is severely wounded.
You feel your anger subside.
You are no longer berserk.
You pass out from exhaustion.
You feel yourself slow down.
The ogre hits you with a giant spiked club!
Ouch! That really hurt!
You die...

#.##..
..##........o
#.##.#
#.....?...####
#.##.#
#....#....#
#.#
##.#...##.#
#.# #.###.# .#
#.# ... ..# #
#.# # ###
#.######
#....@.#
######O# #.#
#.# #.# #.#
#.# #.# #.# #


You could see an ogre.

Vanquished Creatures
  A scorpion (D:4)
  A hound (D:3)
  Jessica (D:3)
  Ijyb (D:3)
  Natasha (twice) (D:3 D:2)
  Terence (D:3)
  5 adders
  4 worms
  9 dart slugs
  A leopard gecko (D:2)
  5 bats
  7 goblins
  11 hobgoblins
  2 jackals (D:2)
  7 kobolds
  2 ball pythons (D:3)
  8 frilled lizards
  6 rats
74 creatures vanquished.

Notes
Turn   | Place    | Note
-------+----------+-------------------------------------------
     0 | D:1      | TryAgain the Deep Elf Ice Elementalist began the quest for the Orb.
     0 | D:1      | Reached XP level 1. HP: 10/10 MP: 6/6
    47 | D:1      | Reached XP level 2. HP: 15/15 MP: 1/8
   319 | D:1      | Reached XP level 3. HP: 18/19 MP: 7/10
   790 | D:1      | Learned a level 2 spell: Throw Frost
   794 | D:1      | Learned a level 3 spell: Ozocubu's Armour
  1165 | D:2      | Reached XP level 4. HP: 21/24 MP: 2/11
  1213 | D:2      | Reached skill level 1 in Charms
  1506 | D:3      | Noticed Jessica
  1517 | D:3      | Killed Jessica
  1540 | D:3      | Noticed Ijyb
  1565 | D:3      | Killed Ijyb
  1663 | D:3      | Reached XP level 5. HP: 28/28 MP: 8/13
  1702 | D:3      | Found a burning altar of Makhleb.
  1914 | D:3      | Found an iron altar of Okawaru.
  2001 | D:3      | Noticed Grinder
  2085 | D:3      | Noticed Terence
  2085 | D:3      | Noticed Natasha
  2098 | D:3      | Killed Terence
  2169 | D:3      | Killed Natasha
  2302 | D:3      | Noticed Natasha
  2314 | D:2      | Killed Natasha
  2314 | D:2      | Reached XP level 6. HP: 28/32 MP: 10/15
  2464 | D:4      | Mangled by an ogre

Skill      XL: |  1  2  3  4  5  6 |
---------------+-------------------+-----
Stealth        | 3 4 |  4.0
Dodging        | 3 4 |  4.3
Charms         | 1 2 3 |  3.0
Spellcasting   | 4 |  4.8
Conjurations   | 2 |  2.5
Ice Magic      | 4 |  4.4

Action                   |  1- 3 |  4- 6 || total
-------------------------+-------+-------++-------
Melee: Whip              |    24 |    20 ||    44
       Club              |     8 |       ||     8
       Trident           |       |     9 ||     9
 Cast: Freeze            |    64 |    62 ||   126
       Throw Frost       |       |     2 ||     2
       Ozocubu's Armour  |       |     1 ||     1
  Use: Potion            |       |     1 ||     1
 Stab: Sleeping          |     4 |     6 ||    10
  Eat: Chunk             |     1 |     3 ||     4
Armor: Robe              |     6 |       ||     6
       Leather armour    |    11 |    19 ||    30
Dodge: Dodged            |    46 |    59 ||   105
